 Dungeon Crawl Stone Soup version 0.31-a0-1626-g5cb510d322 (webtiles) character file.

Game seed: 12206369699318493142

56 zombiefromfo the Chopper (level 3, -1/33 HPs)
             Began as a Hill Orc Berserker on June 17, 2021.
             Was a Believer of Trog.
             Slain by Sigmund
             ... wielding a +0 scythe
              (7 damage)
             ... on level 2 of the Dungeon on Jan 12, 2024.
             The game lasted 00:10:45 (1541 turns).

zombiefromfo the Chopper (Hill Orc Berserker)       Turns: 1541, Time: 00:10:46

Health: -1/33      AC:  2    Str: 21    XL:     3   Next: 97%
Magic:  3/3        EV: 12    Int:  7    God:    Trog [**....]
Gold:   82         SH:  0    Dex: 10    Spells: 2/2 levels left

rFire   . . .        a - +0 hand axe
rCold   . . .        (no shield)
rNeg    . . .        b - +0 animal skin
rPois   .            (no helmet)
rElec   .            (no cloak)
rCorr   .            (no gloves)
SInv    .            (no boots)
Will    .....        (no amulet)
Stlth   +            (no ring)
HPRegen 0.25/turn    (no ring)
MPRegen 0.08/turn

%: no passive effects
@: no status effects
A: no striking features
a: Renounce Religion, Berserk, Trog's Hand


You were on level 2 of the Dungeon.
You worshipped Trog.
Trog was pleased with you.
You visited 1 branch of the dungeon, and saw 2 of its levels.

You collected 82 gold pieces.

Inventory:

Hand Weapons
 a - a +0 hand axe (weapon)
Armour
 b - a +0 animal skin (worn)
Scrolls
 c - 3 scrolls of silence {unknown}
 d - a scroll of noise {unknown}
 e - a scroll of amnesia {unknown}
Potions
 f - a potion of enlightenment {unknown}
 g - a potion of attraction {unknown}


   Skills:
 + Level 4.2 Fighting
 + Level 5.2 Axes
 + Level 2.3 Armour
 + Level 2.0 Dodging
 + Level 0.2 Stealth


You had 2 spell levels left.
You didn't know any spells.
Your spell library was empty.

Dungeon Overview and Level Annotations

Branches:
Dungeon (2/15)

Altars:

Annotations:
D:2 Sigmund


Message History

The endoplasm moves out of view.
The bat barely misses you. The bat hits you.
Sigmund the Dreaded comes into view.
He is wielding a +0 scythe.
Sigmund casts a spell.
Sigmund flickers and vanishes!
Deactivating autopickup; reactivate with Ctrl-A.
The bat barely misses you. The kobold barely misses you.
The bat barely misses you. The bat hits you. The bat closely misses you. x2
You barely miss the bat. The bat hits you but does no damage.
You barely miss the bat. The bat completely misses you. The bat misses you.
You barely miss the bat. The bat hits you but does no damage. x2
You barely miss the bat. The bat barely misses you.
You barely miss the bat. The bat hits you. The bat closely misses you.
You hit the bat.
The bat is moderately wounded.
The bat barely misses you. Something hits you!
You barely miss the bat.
The bat is moderately wounded.
The bat barely misses you. The bat closely misses you. Something hits you!
You hit the bat.
The bat is heavily wounded.
The bat closely misses you. The bat hits you but does no damage.
You closely miss the bat.
The bat is heavily wounded.
The bat closely misses you. The bat hits you but does no damage.
Something hits you!
* * * LOW HITPOINT WARNING * * *
You closely miss the bat.
The bat is heavily wounded.
The bat hits you but does no damage. The bat closely misses you.
Something barely misses you.
You barely miss the bat.
The bat is heavily wounded.
The bat barely misses you. The bat hits you.
* * * LOW HITPOINT WARNING * * *
The bat attacks as it pursues you! The bat hits you but does no damage.
The bat closely misses you. Something hits you!
You die...

#...###### #######.
.......##.#.# #. #
...... #.#.### #. ..
..... #.....# #. .K
... ###.#.# #. ###.
#.. #.#.# ## #.K..
#.## #.# #
#.....#.(#####.#.###..
....)..
.........K.{b@........
.......
#.>...#.#K##########..
....... #.... #.#.#
....... ###. #...#
....... .. ..###
....... ## ### .......
....... ######. #.


You could see a bat and 2 kobolds.

Vanquished Creatures
  An adder (D:2)
  2 dart slugs
  4 ball pythons (D:1)
  7 bats
  7 endoplasms (D:1)
  2 giant cockroaches (D:1)
  3 goblins (D:2)
  4 hobgoblins (D:1)
  A quokka (D:2)
  A frilled lizard (D:1)
  6 kobolds
  2 rats (D:1)
40 creatures vanquished.

Notes
Turn   | Place    | Note
-------+----------+-------------------------------------------
     0 | D:1      | zombiefromfo the Hill Orc Berserker began the quest for the
                  | Orb.
     0 | D:1      | Reached XP level 1. HP: 19/19 MP: 1/1
   171 | D:1      | Reached XP level 2. HP: 24/27 MP: 2/2
   290 | D:1      | Upgraded the game from 0.27-a0-1301-g128193abf8 to
                  | 0.31-a0-1626-g5cb510d322
   397 | D:1      | Found a faded altar of an unknown god.
   425 | D:1      | Reached XP level 3. HP: 29/33 MP: 3/3
   486 | D:1      | Reached ** piety under Trog
   696 | D:1      | Reached skill level 5 in Axes
  1524 | D:2      | Noticed Sigmund
  1541 | D:2      | Slain by Sigmund

Illustrated notes

Levels and vault maps discovered:
D:1:      dpeg_arrival_line_fractal, layout_basic, basic_ecumenical_altar
D:2:      layout_basic, st_stairs_3, minmay_misc_feat_five,
          hangedman_decor_points, hangedman_abyss_or_decor_stabs, uniq_sigmund

Skill      XL: |  1  2  3 |
---------------+----------+-----
Fighting       | 4 |  4.2
Axes           | 5 |  5.2
Dodging        | 2 |  2.0
Armour         | |  2.3
Stealth        | |  0.2

Action                     || total
---------------------------++-------
  Melee: Hand axe          ||   123
 Invoke: Berserk           ||     1
 Armour: Animal skin       ||   106
  Dodge: Dodged            ||   137

Table legend: (Time is in decaauts)
 A = Elapsed time spent in this place.
 B = Non-inter-level travel time spent in this place.
 C = Inter-level travel time spent in this place.
 D = Time resting spent in this place.
 E = Time spent auto-exploring this place.
 F = Levels seen in this place.
 G = Mean time per level.
                   A        B        C        D        E       F      G
               +--------+--------+--------+--------+--------+-----+--------+
         Total |   1563 |   1563 |      0 |     69 |    525 |   2 |  781.5 |
       Dungeon |   1563 |   1563 |      0 |     69 |    525 |   2 |  781.5 |
               +--------+--------+--------+--------+--------+-----+--------+

Top non-repeatable levels by time:
     D:1: 1197 daAuts
     D:2: 365 daAuts
